cohdb
Replays
Latest Replays
All Replays
Popular Replays
Top Player Replays
Match Explorer
How It Works
Community
CoH3 Stats
Reddit
Sign in to upload your games and track your stats! →
Sign in with Steam
Match 40122210
Unlisted
Match 40122210
Overview
Messages
Build Orders
End
Construct Barracks
Selects Armored Battlegroup
Selects Veteran Crews
1⁄4-ton 4x4 Truck
Riflemen Squad
Riflemen Squad
Grenade Package
Air Support Center
Riflemen Squad
Grasshopper Recon Run
M1918 Browning Automatic Rifles
Grasshopper Recon Run
P-47 Strafing Run
Selects Strength in Steel
Riflemen Squad
Construct Weapon Support Center
Grasshopper Recon Run
Construct Tank Depot
Grasshopper Recon Run
P-47 Strafing Run
Grasshopper Recon Run
Selects Seek and Destroy
Selects UNKNOWN (2160077)
M4A3E8 Sherman Easy Eight
Grasshopper Recon Run
Engineer Squad
Engineer Squad
Selects Field Repairs
Grasshopper Recon Run
Cosimino
minatore
Ranbs
killall
Soviet_Legend
Bubujibroozy
goat
Wisemen
0
0
Comments
sign in to comment!
No comments posted yet!